 Dungeon Crawl Stone Soup version 0.31-a0-180-g519b7de00c (webtiles) character file.

Game seed: 845952999968342129

160428 promet the Warrior (level 17, 0/162 HPs)
             Began as a Hill Orc Fighter on June 16, 2023.
             Was the Champion of Qazlal.
             Slain by a sun demon (9 damage)
             ... led by a balrug
             ... while paralysed by accursed screaming
             ... on level 3 of the Abyss on June 19, 2023.
             The game lasted 04:36:29 (48044 turns).

promet the Warrior (Hill Orc Fighter)              Turns: 48044, Time: 04:36:29

Health: 0/162      AC: 23    Str: 23    XL:     17   Next: 76%
Magic:  32/32      EV:  2    Int: 12    God:    Qazlal [******]
Gold:   644        SH:  0    Dex: 16    Spells: 15/16 levels left

rFire   + + +        a - +3 war axe (venom)
rCold   + + +        Z - +0 tower shield
rNeg    . . .        H - +5 ring mail "Obbatism" {rC+}
rPois   .            u - +2 helmet of the Amoeba {Contam Rampage rC+++ Dex+3}
rElec   .            n - +1 cloak
rCorr   .            o - +0 pair of gloves "Vemauvol" {Int+4}
SInv    +            j - +2 pair of boots
Will    +....        B - amulet of reflection
Stlth   +            R - ring of protection from fire
HPRegen 1.27/turn    f - ring "Ybrucw" {rF++ MP+9 Int-5 Slay+4 SInv}
MPRegen 0.23/turn

%: repel missiles, reflection, rampage
@: paralysed, protected from fire
A: agile 1, clever 1, regeneration 1
a: Renounce Religion, Upheaval, Elemental Force, Disaster Area


You were on level 3 of the Abyss.
You worshipped Qazlal.
Qazlal was exalted by your worship.
You visited 7 branches of the dungeon, and saw 28 of its levels.
You visited the Abyss 1 time.

You collected 2309 gold pieces.
You spent 1665 gold pieces at shops.

Inventory:

Hand Weapons
 a - a +3 war axe of venom (weapon)
 b - the +4 sling "Emisis" {speed, Dex+6}
   (You found it on level 5 of the Dungeon)

   Dex:       It affects your dexterity (+6).
 c - the +8 arc blade {discharge, rElec}
   (You took it off a spriggan on level 5 of the Lair of Beasts)

   rElec:     It insulates you from electricity.
 i - a +3 vampiric demon trident
 q - a +1 war axe of draining
 J - a +1 heavy flail
 Y - a +1 antimagic spear
Missiles
 t - 2 datura-tipped darts
 y - 22 boomerangs (quivered)
 A - 4 throwing nets
 K - 8 poisoned darts
 M - 14 curare-tipped darts
 V - 10 silver javelins
Armour
 j - a +2 pair of boots (worn)
 n - a +1 cloak (worn)
 o - the +0 pair of gloves "Vemauvol" (worn) {Int+4}
   (You found it on level 2 of the Dungeon)

   Int:       It affects your intelligence (+4).
 s - +0 acid dragon scales
 u - the +2 helmet of the Amoeba (worn) {Contam Rampage rC+++ Dex+3}
   (You bought it in a shop on level 2 of the Orcish Mines)

   Dex:       It affects your dexterity (+3).
   rC:        It renders you almost immune to cold.
   Contam:    It causes magical contamination when unequipped.
   Rampage:   It bestows one free step when moving towards enemies.
 H - the +5 ring mail "Obbatism" (worn) {rC+}
   (You took it off a wight on level 7 of the Dungeon)

   rC:        It protects you from cold.
 Z - a +0 tower shield (worn)
Jewellery
 e - a ring of resist corrosion
 f - the ring "Ybrucw" (right hand) {rF++ MP+9 Int-5 Slay+4 SInv}
   (You acquired it on level 5 of the Dungeon)

   [ring of slaying]

   Int:       It affects your intelligence (-5).
   Slay:      It affects your accuracy & damage with ranged weapons and melee
   (+4).
   rF:        It greatly protects you from fire.
   MP:        It affects your magic capacity (+9).
   SInv:      It lets you see invisible.
 p - a ring of poison resistance
 z - a +6 ring of dexterity
 B - an amulet of reflection (around neck)
 I - an amulet of magic regeneration
 L - a ring of protection from cold
 Q - a ring of flight
 R - a ring of protection from fire (left hand)
Wands
 x - a wand of flame (27)
 O - a wand of mindburst (11)
 P - a wand of paralysis (11)
 S - a wand of roots (28)
 T - a wand of polymorph (5)
 W - a wand of light (2)
Scrolls
 h - a scroll of butterflies
 m - 7 scrolls of poison
 r - 2 scrolls of fog
 C - 2 scrolls of blinking
 F - 11 scrolls of identify
 G - 4 scrolls of teleportation
Potions
 d - 2 potions of might
 g - 7 potions of curing
 k - a potion of ambrosia
 l - 6 potions of attraction
 v - 7 potions of enlightenment
 D - 2 potions of berserk rage
 N - a potion of resistance
 X - a potion of invisibility
Miscellaneous
 w - a phantom mirror
 E - a tin of tremorstones (2/2)
 U - a box of beasts


   Skills:
 + Level 17.5 Fighting
 * Level 9.3 Short Blades
 + Level 17.1(17.2) Axes
 + Level 1.1(9.5) Maces & Flails
 + Level 0.2(9.4) Polearms
 + Level 12.4 Ranged Weapons
 + Level 2.9 Throwing
 + Level 10.1 Armour
 + Level 6.8 Dodging
 + Level 2.9 Stealth
 + Level 13.1 Shields
 + Level 8.9 Invocations
 + Level 6.7 Evocations


You had 15 spell levels left.
You knew the following spells:

 Your Spells              Type           Power      Damage    Failure   Level
a - Shock                 Conj/Air       0%         1d3       80%         1

Your spell library contained the following spells:

 Spells                   Type           Power      Damage    Failure   Level
 Sandblast                Erth           0%         2d4       80%         1
 Summon Small Mammal      Summ           0%         N/A       80%         1
 Cigotuvi's Dreadful Rot  Necr/Pois/Air  0%         N/A       91%         2
 Ensorcelled Hibernation  Hex/Ice        0%         N/A       91%         2
 Passwall                 Tmut/Erth      0%         N/A       91%         2
 Static Discharge         Conj/Air       0%         2-2/arc   91%         2
 Call Canine Familiar     Summ           0%         N/A       99%         3
 Dazzling Flash           Conj/Hex       0%         N/A       99%         3
 Ignite Poison            Fire/Tmut/Pois 0%         N/A       99%         3
 Inner Flame              Hex/Fire       0%         N/A       99%         3
 Ozocubu's Armour         Ice            0%         N/A       99%         3
 Spider Form              Tmut/Pois      0%         N/A       99%         3
 Stone Arrow              Conj/Erth      0%         3d7       99%         3
 Summon Guardian Golem    Hex/Summ       0%         N/A       99%         3
 Swiftness                Air            0%         N/A       99%         3
 Tukima's Dance           Hex            0%         N/A       99%         3
 Vhi's Electric Charge    Tloc/Air       0%         N/A       99%         3
 Volatile Blastmotes      Fire/Tloc      0%         2d10      99%         3
 Airstrike                Air            0%         2d(0-16)  100%        4
 Anguish                  Hex/Necr       0%         N/A       100%        4
 Dispel Undead            Necr           0%         3d6       100%        4
 Flame Wave               Conj/Fire      0%         2d4       100%        4
 Iskenderun's Mystic Bla  Conj/Tloc      0%         2d3       100%        4
 Passage of Golubria      Tloc           0%         N/A       100%        4
 Sticky Flame             Conj/Fire      0%         2d3       100%        4
 Summon Lightning Spire   Summ/Air       0%         N/A       100%        4
 Arcjolt                  Conj/Air       0%         1d10      100%        5
 Metabolic Englaciation   Hex/Ice        0%         N/A       100%        5
 Yara's Violent Unravell  Hex/Tmut       0%         3d3       100%        5
 Death Channel            Necr           0%         N/A       100%        6
 Plasma Beam              Fire/Air       0%         2x1d10    100%        6
 Simulacrum               Ice/Necr       0%         N/A       100%        6
 Starburst                Conj/Fire      0%         6d3       100%        6
 Ignition                 Fire           0%         3d3       100%        8


Dungeon Overview and Level Annotations

Branches:
Dungeon (15/15)            Temple (1/1) D:5            Lair (5/5) D:11
 Shoals (3/4) Lair:3       Spider (1/4) Lair:2        Slime (0/5) Lair:4
    Orc (2/2) D:11            Elf (1/3) Orc:2        Vaults (0/5) D:14
 Depths (0/4) D:15

Altars:
Ashenzari
Cheibriados
Dithmenos
Elyvilon
Fedhas
Gozag
Hepliaklqana
Kikubaaqudgha
Makhleb
Okawaru
Qazlal
Ru
Sif Muna
Trog
Uskayaw
Vehumet
Wu Jian
Xom
Yredelemnul
Zin
The Shining One
Jiyva
Lugonu

Shops:
D:4 :   D:5 (=[[   D:8 *(   D:11 *   D:12 [   D:13 *   D:15 =   Orc:2 [:[[(

Portals:
Abyss: Lair:5

Annotations:
D:9 2 runed translucent doors, exclusion: orange crystal statue
Temple 2 transporters
Lair:1 3 runed translucent doors, Onniptox's ghost, novice DrCj
Shoals:2 Ilsuiw; Polyphemus


Innate Abilities, Weirdness & Mutations

You are agile. (Dex +4, Str/Int -1)
Your mind is acute. (Int +4, Str/Dex -1)
Your natural rate of healing is unusually fast.


Message History

The floor.
Okay, then.
You block the sun demon's attack. You block the balrug's attack.
You slash the balrug!
The balrug is moderately wounded.
You hit the sun demon. You closely miss the sun demon. The sun demon hits you!
You are engulfed in flames.
You resist. You block the sun demon's attack. You block the balrug's attack.
A starcursed mass comes into view.
You hit the balrug.
The balrug is poisoned.
The balrug is moderately wounded.
You hit the sun demon but do no damage. You hit the sun demon.
You block the sun demon's attack. x2; A starcursed mass splits. x2
A cacophony of accursed wailing tears at your sanity!
You suddenly lose the ability to move!
The balrug hits you with a +1 demon whip of electrocution.
You are engulfed in flames.
You resist.
A starcursed mass splits. x2
The sun demon hits you!!
* * * LOW HITPOINT WARNING * * *
You are engulfed in flames.
You resist.
* * * LOW HITPOINT WARNING * * *
The sun demon hits you but does no damage.
The balrug hits you but does no damage.
The sun demon hits you but does no damage.
A starcursed mass splits.
The sun demon hits you.
* * * LOW HITPOINT WARNING * * *
You are engulfed in flames.
You resist.
You feel protected from fire.
* * * LOW HITPOINT WARNING * * *
A starcursed mass splits. x2
The balrug gestures at you. The bolt of fire hits you! You resist.
You feel more protected from fire.
* * * LOW HITPOINT WARNING * * *
The sun demon hits you.
* * * LOW HITPOINT WARNING * * *
You are engulfed in flames.
You resist.
* * * LOW HITPOINT WARNING * * *
The sun demon hits you!
You die...

. ..# .# ### . ..#. #
#.. ...# .#
######.########
.............#........#
.. .......#..XX....# .
... .......#XXXX....# #
.....XX#..'§XXX....# ..
........X233X....+
####..
......##.@......#
############§°......#
#§.#°....# #........#
#........# #.........#
#+#########


You could see 13 starcursed masses, a balrug (very poisoned) and 2 sun demons.

Vanquished Creatures
  Jorgrun (D:14)
  Rupert (D:12)
  Gastronok (D:10)
  A kraken (Shoals:3)
  Frances (Elf:1)
  Agnes (D:14)
  2 emperor scorpions (Spider:1)
  Louise (Spider:1)
  A broodmother (Spider:1)
  Azrael (Spider:1)
  2 deep elf demonologists (Elf:1)
  A spark wasp (Spider:1)
  4 merfolk impalers
  3 merfolk javelineers
  2 vault guards (D:14)
  2 entropy weavers (Spider:1)
  2 hydras
  2 merfolk avatars
  2 centaur warriors
  3 boulder beetles
  An alligator snapping turtle (Shoals:2)
  4 merfolk aquamancers
  4 two-headed ogres
  7 death yaks
  A catoblepas (D:14)
  2 tengu warriors (D:14)
  2 dancing weapons
  4 thrashing horrors (Lair:5)
  A demonic crawler (Lair:2)
  4 orc high priests
  6 deep elf knights
  Sonja (D:11)
  Nergalle (D:10)
  3 skysharks
  2 pharaoh ants (Spider:1)
  4 sea snakes (Shoals:1)
  3 wizards (D:14)
  17 deep elf pyromancers
  4 steelbarb worms
  4 deep elf archers (Elf:1)
  A lindwurm (Lair:3)
  4 orc knights (Orc:2)
  A necromancer (D:15)
  A wolf spider zombie (D:15)
  A wolf spider (Spider:1)
  6 harpies
  12 deep elf zephyrmancers
  5 orc sorcerers
  5 manticores
  2 ugly things (Lair:5)
  8 cyclopes
  8 elephants
  12 fauns (Shoals:1)
  5 merfolk sirens
  2 black mambas
  A smoke demon (Lair:5)
  A centaur zombie (D:15)
  3 torpor snails
  A water nymph (Shoals:2)
  A naga mage (D:15)
  9 cane toads
  A centaur skeleton (D:15)
  2 kobold demonologists
  2 gargoyles
  Psyche (D:11)
  2 unseen horrors
  10 komodo dragons
  2 rime drakes
  A rime drake (shapeshifter) (D:15)
  A freezing wraith (D:15)
  An ancient zyme (Lair:5)
  6 trolls
  6 meliai
  A hornet (D:9)
  A queen bee (Lair:3)
  2 polar bears
  11 merfolk
  A merfolk (shapeshifter) (Lair:5)
  14 dream sheep
  7 tarantellas (Spider:1)
  14 blink frogs
  A raiju (shapeshifter) (Lair:5)
  3 snapping turtles
  A meliai zombie (D:15)
  10 jumping spiders
  4 shadows (D:11)
  2 large abominations (Lair:5)
  24 slime creatures
  A ynoxinul (Lair:5)
  9 small abominations (Lair:5)
  2 spriggans (Lair:5)
  6 culicivoras
  3 wyverns
  7 water elementals
  5 wraiths
  9 humans (D:14)
  43 yaks
  2 steam dragons
  9 basilisks
  8 vampire mosquitoes
  2 fire elementals
  51 redbacks
  A warg (Orc:1)
  Menkaure (D:7)
  2 chaos spawn
  3 acid dragons
  Duvessa (D:7)
  10 water moccasins
  7 hell hounds (Spider:1)
  A water moccasin (shapeshifter) (D:15)
  22 orc warriors
  4 black bears
  3 sky beasts
  7 boggarts
  15 wolves
  13 ogres
  4 phantoms
  9 centaurs
  A kobold brigand (D:6)
  8 gnoll sergeants
  13 bullfrogs
  An earth elemental (D:13)
  4 scorpions
  Dowan (D:7)
  4 wights
  30 killer bees (Lair:3)
  3 howler monkeys
  2 lava snakes (D:14)
  6 hounds
  4 jellies
  2 gnoll boudas
  15 orc priests
  2 sleepcaps
  3 iguanas (D:5)
  28 orc wizards
  2 hell rats (Lair:3)
  A boggart skeleton (D:15)
  Robin (D:3)
  10 adders
  30 gnolls
  A shadow imp (D:7)
  3 white imps
  5 dart slugs
  60 orcs
  An endoplasm (Lair:4)
  5 giant cockroaches
  6 hobgoblins
  4 quokkas
  10 ball pythons
  3 bats
  2 frilled lizards (D:2)
  11 goblins
  7 kobolds
  A kobold (shapeshifter) (D:13)
  A rat (D:1)
  3 tentacles (Shoals:3)
883 creatures vanquished.

Vanquished Creatures (collateral kills)
  An ugly thing (D:15)
  2 boggarts (D:15)
  A hornet simulacrum (D:14)
  A gnoll (D:8)
  6 orcs (D:3)
11 creatures vanquished.

Vanquished Creatures (others)
  2 deep elf knights (Elf:1)
  A sun moth (Spider:1)
  A water elemental (Shoals:3)
  A human (D:14)
  A gnoll (D:8)
  An orc (D:3)
  4 tentacles (Shoals:3)
11 creatures vanquished.

Grand Total: 905 creatures vanquished

Notes
Turn   | Place    | Note
-------+----------+-------------------------------------------
     0 | D:1      | promet the Hill Orc Fighter began the quest for the Orb.
     0 | D:1      | Reached XP level 1. HP: 19/19 MP: 1/1
    81 | D:1      | Found a faded altar of an unknown god.
   249 | D:1      | Reached XP level 2. HP: 27/27 MP: 2/2
   811 | D:2      | Reached XP level 3. HP: 33/33 MP: 3/3
  1222 | D:2      | Identified the +0 pair of gloves "Vemauvol" {Int+4}
  2354 | D:3      | Noticed Robin
  2383 | D:3      | Reached XP level 4. HP: 40/40 MP: 4/4
  2401 | D:3      | Killed Robin
  2817 | D:3      | Reached skill level 1 in Dodging
  2827 | D:3      | Found a snail-covered altar of Cheibriados.
  3389 | D:4      | Reached XP level 5. HP: 47/47 MP: 5/5
  3792 | D:4      | Reached skill level 1 in Ranged Weapons
  3886 | D:4      | Reached XP level 6. HP: 36/53 MP: 6/6
  4312 | D:4      | Identified the +0 plate armour "Wafovydoov" {Fly rElec}
  4355 | D:4      | Found Saipnoogh's Tremendous Tomes.
  4688 | D:5      | Entered Level 5 of the Dungeon
  4690 | D:5      | Found Kopsol's Armour Shop.
  4728 | D:5      | Reached skill level 5 in Axes
  4913 | D:5      | Found Zawyicwi's Antique Weapon Shop.
  4929 | D:5      | Reached skill level 5 in Fighting
  4980 | D:5      | Found a staircase to the Ecumenical Temple.
  5008 | D:5      | Reached skill level 5 in Armour
  5147 | Temple   | Entered the Ecumenical Temple
  5147 | Temple   | Found a transporter.
  5147 | Temple   | Found a transporter.
  5149 | Temple   | Found a transporter.
  5149 | Temple   | Found a transporter.
  5198 | Temple   | Became a worshipper of Qazlal Stormbringer
  5237 | D:5      | Found a shimmering blue altar of Sif Muna.
  5271 | D:5      | Found Ykleti's Antique Armour Shoppe.
  5291 | D:5      | Found Notutepa's Jewellery Emporium.
  5413 | D:5      | Identified a scroll of acquirement
  5413 | D:5      | Acquired the ring "Ybrucw" {rF++ MP+9 Int-5 Slay+4 SInv}
  5464 | D:5      | Reached XP level 7. HP: 61/61 MP: 7/7
  5647 | D:5      | Identified the +4 sling "Emisis" {speed, Dex+6}
  5883 | D:5      | Bought a cloak for 94 gold pieces
  7157 | D:5      | Reached XP level 8. HP: 40/70 MP: 8/8
  7776 | D:5      | Reached * piety under Qazlal
  8862 | D:7      | Noticed a yak
  8862 | D:7      | Noticed a yak
  8863 | D:7      | Noticed a yak
  8871 | D:6      | Reached XP level 9. HP: 79/79 MP: 9/9
  9612 | D:7      | Reached skill level 10 in Axes
  9875 | D:7      | Identified the +5 ring mail "Obbatism" {rC+}
 10074 | D:7      | Reached ** piety under Qazlal
 10092 | D:7      | Noticed Duvessa
 10093 | D:7      | Noticed Dowan
 10138 | D:7      | Found a radiant altar of Vehumet.
 10286 | D:7      | Noticed Menkaure
 10289 | D:7      | Killed Menkaure
 10370 | D:7      | Found an iron altar of Okawaru.
 10482 | D:7      | Reached XP level 10. HP: 90/90 MP: 10/10
 10533 | D:7      | Killed Duvessa
 10538 | D:7      | Killed Dowan
 10772 | D:8      | Reached skill level 5 in Shields
 11288 | D:8      | Reached skill level 5 in Ranged Weapons
 11329 | D:8      | Found Zuoddu's Weapon Shop.
 11861 | D:8      | Bought 4 curare-tipped darts for 76 gold pieces
 11939 | D:8      | Found Cuez Ofa's Assorted Antiques.
 12050 | D:8      | Reached skill level 10 in Fighting
 12410 | D:9      | Found a hazy altar of Hepliaklqana.
 12412 | D:9      | Found a shimmering altar of Xom.
 12413 | D:9      | Noticed a spectral ugly thing
 12496 | D:9      | Reached skill level 1 in Throwing
 12850 | D:9      | Noticed a kobold demonologist
 12860 | D:9      | Killed a kobold demonologist
 12885 | D:9      | Found a runed translucent door.
 12886 | D:9      | Noticed an orange crystal statue
 12886 | D:9      | Found the +10 tower shield of Ignorance {rN+ Int-4}
 12908 | D:9      | Found a runed translucent door.
 13005 | D:9      | Found a hide-covered altar of Uskayaw.
 13136 | D:9      | Reached skill level 1 in Evocations
 13136 | D:9      | Reached XP level 11. HP: 97/101 MP: 11/11
 13266 | D:10     | Entered Level 10 of the Dungeon
 13266 | D:10     | Noticed Gastronok
 13289 | D:10     | Killed Gastronok
 13289 | D:10     | Reached *** piety under Qazlal
 13306 | D:10     | Noticed Nergalle
 13321 | D:10     | Killed Nergalle
 13362 | D:10     | Noticed a two-headed ogre
 13377 | D:10     | Killed a two-headed ogre
 13635 | D:10     | Learned a level 1 spell: Shock
 13793 | D:10     | Noticed a two-headed ogre
 13805 | D:10     | Killed a two-headed ogre
 14102 | D:10     | Noticed a two-headed ogre
 14108 | D:10     | Killed a two-headed ogre
 14349 | D:11     | Found Ylayrhev's General Store.
 14379 | D:11     | Noticed a cyclops
 14451 | D:11     | Noticed Sonja
 14458 | D:11     | Killed Sonja
 14505 | D:11     | Found a burning altar of Makhleb.
 14515 | D:11     | Noticed Psyche
 14525 | D:11     | Killed Psyche
 14545 | D:11     | Killed a cyclops
 14734 | D:11     | Reached XP level 12. HP: 108/112 MP: 12/12
 15046 | D:11     | Reached skill level 1 in Stealth
 15072 | D:11     | Found a bloodstained altar of Trog.
 15203 | D:11     | Found a staircase to the Lair.
 15252 | D:11     | Found a staircase to the Orcish Mines.
 15271 | D:11     | Reached **** piety under Qazlal
 15820 | D:8      | Bought a scroll labelled ILAUMP BOSU for 30 gold pieces
 16036 | Lair:1   | Entered Level 1 of the Lair of Beasts
 16364 | Lair:1   | Reached skill level 5 in Evocations
 16801 | Lair:1   | Found a runed translucent gate.
 16801 | Lair:1   | Found a runed translucent gate.
 16812 | Lair:1   | Found a runed translucent gate.
 16821 | Lair:1   | Noticed Onniptox's ghost (novice DrCj)
 17610 | Lair:2   | Reached skill level 1 in Invocations
 17772 | Lair:2   | Found a hole to the Spider Nest.
 18079 | Lair:2   | Reached XP level 13. HP: 121/122 MP: 15/15
 19369 | Lair:3   | Reached ***** piety under Qazlal
 19917 | Lair:3   | Reached skill level 5 in Invocations
 19960 | Lair:3   | Found a staircase to the Shoals.
 21456 | Lair:4   | Found a viscous altar of Jiyva.
 21456 | Lair:4   | Found a staircase to the Slime Pits.
 22102 | Lair:5   | Entered Level 5 of the Lair of Beasts
 22750 | Lair:4   | Reached XP level 14. HP: 126/133 MP: 19/19
 23733 | Lair:5   | Reached skill level 15 in Axes
 23960 | Lair:5   | Upgraded the game from 0.31-a0-175-g9f7f995f2b to
                  | 0.31-a0-177-g4aa6249778
 23960 | Lair:5   | Upgraded the game from 0.31-a0-177-g4aa6249778 to
                  | 0.31-a0-180-g519b7de00c
 24380 | Lair:4   | Reached skill level 15 in Fighting
 25443 | Lair:5   | Reached skill level 10 in Ranged Weapons
 25625 | Lair:5   | Noticed an iron dragon
 25637 | Lair:5   | an iron dragon changed into a four-headed hydra
 25928 | Lair:5   | Reached skill level 5 in Dodging
 27385 | Lair:5   | Reached skill level 1 in Short Blades
 27831 | Lair:5   | Found a corrupted altar of Lugonu.
 27831 | Lair:5   | Found a one-way gate to the infinite horrors of the Abyss.
 28495 | D:12     | Noticed Rupert
 28632 | D:12     | You fall into a shaft and drop 2 floors!
 28767 | D:12     | Killed Rupert
 28881 | D:12     | Found a corrupted altar of Lugonu.
 29231 | D:12     | Reached ****** piety under Qazlal
 29232 | D:12     | Reached XP level 15. HP: 141/141 MP: 21/21
 29502 | D:12     | Found Jaeps's Armour Shoppe.
 29813 | Orc:1    | Entered Level 1 of the Orcish Mines
 30795 | Orc:2    | Entered Level 2 of the Orcish Mines
 30997 | Orc:2    | Found Varhurch's Antique Weapon Emporium.
 31236 | Orc:2    | Found a radiant altar of Vehumet.
 31320 | Orc:2    | Found a staircase to the Elven Halls.
 31359 | Orc:2    | Gained mutation: You are dopey. (Int -2) [a neqoxec]
 32626 | Orc:2    | Gained mutation: You are frail. (-10% HP) [a neqoxec]
 32969 | Orc:2    | Found Beibb's Book Emporium.
 32978 | Orc:2    | Found Ocsu's Armour Boutique.
 32981 | Orc:2    | Found Lueduane's Antique Armour Emporium.
 32982 | Orc:2    | Found Pysarph's Armour Boutique.
 33263 | Orc:2    | Bought the +2 helmet of the Amoeba {Contam Rampage rC+++
                  | Dex+3} for 800 gold pieces
 33779 | Shoals:1 | Entered Level 1 of the Shoals
 34008 | D:5      | Bought a ring of flight for 245 gold pieces
 34506 | Shoals:1 | Reached skill level 10 in Shields
 34674 | D:5      | Bought an amulet of reflection for 420 gold pieces
 35717 | Shoals:1 | Reached skill level 5 in Short Blades
 36785 | Shoals:2 | Reached XP level 16. HP: 128/136 MP: 22/22
 36953 | Shoals:2 | Noticed Ilsuiw
 36971 | Shoals:2 | Noticed Polyphemus
 37014 | Shoals:3 | Noticed a kraken
 37028 | Shoals:3 | Killed a kraken
 38317 | D:13     | Found Myd Gireth's Pet Rocks.
 38635 | D:14     | Noticed Jorgrun
 38650 | D:14     | Killed Jorgrun
 39368 | D:14     | Found a gate to the Vaults.
 39434 | D:14     | Noticed Agnes
 39445 | D:14     | Killed Agnes
 39826 | D:14     | Found a hide-covered altar of Uskayaw.
 40156 | D:15     | Entered Level 15 of the Dungeon
 40290 | D:15     | Found Liem's Jewellery Emporium.
 42499 | D:15     | Found a staircase to the Depths.
 42651 | D:15     | Found a broken altar of Ashenzari.
 43410 | D:4      | Lost mutation: You are frail. (-10% HP) [potion of
                  | mutation]
 43410 | D:4      | Lost mutation: You are dopey. (Int -2) [potion of mutation]
 43410 | D:4      | Gained mutation: Your mind is acute. (Int +4, Str/Dex -1)
                  | [potion of mutation]
 43410 | D:4      | Gained mutation: Your natural rate of healing is unusually
                  | fast. [potion of mutation]
 43410 | D:4      | Gained mutation: You are agile. (Dex +4, Str/Int -1)
                  | [potion of mutation]
 43576 | Spider:1 | Entered Level 1 of the Spider Nest
 43708 | Lair:2   | Reached skill level 1 in Maces & Flails
 44031 | Spider:1 | Noticed Louise
 44048 | Spider:1 | Killed Louise
 44202 | Spider:1 | Noticed Azrael
 44209 | Spider:1 | Reached XP level 17. HP: 160/161 MP: 23/23
 44231 | Spider:1 | Killed Azrael
 46510 | Elf:1    | Entered Level 1 of the Elven Halls
 46855 | Elf:1    | Reached skill level 10 in Armour
 47188 | Elf:1    | Noticed Frances
 47247 | Elf:1    | Killed Frances
 48008 | Abyss:3  | Cast into level 3 of the Abyss (a deep elf sorcerer)
 48042 | Abyss:3  | Paralysed by accursed screaming for 2 turns
 48044 | Abyss:3  | Slain by a sun demon

Illustrated notes

Levels and vault maps discovered:
D:1:      minmay_arrival_hallway, layout_rooms, shapermc_ecumenical_altar_gd
D:2:      minmay_angry_zag, layout_basic, roderic_serpentine_path
D:3:      layout_loops_ring, mainiacjoe_overflow_alcove_4, uniq_robin
D:4:      layout_layer_cave, nicolae_shop_i_like_big_books, minivault_1
D:5:      layout_basic, mainiacjoe_overflow_cross_hatched,
          minmay_temple_entry_statues_pillars, serial_shops,
          kennysheep_mini_moat, shop, shop, shop
D:6:      layout_rooms, nicolae_letterblocks [nicolae_letter_subblock,
          nicolae_letter_subblock, nicolae_letter_subblock,
          nicolae_letter_subblock, nicolae_letter_subblock,
          nicolae_letter_subblock, nicolae_letter_subblock,
          nicolae_letter_subblock, nicolae_letter_subblock,
          nicolae_letter_subblock, nicolae_letter_subblock,
          nicolae_letter_subblock, nicolae_letter_subblock,
          nicolae_letter_subblock, nicolae_letter_subblock,
          nicolae_letter_subblock, nicolae_letter_subblock,
          nicolae_letter_subblock, nicolae_letter_subblock,
          nicolae_letter_subblock, nicolae_letter_subblock,
          nicolae_letter_subblock, nicolae_letter_subblock,
          nicolae_letter_subblock, nicolae_letter_subblock]
D:7:      layout_rooms, mainiacjoe_overflow_large_starburst, uniq_menkaure,
          uniq_duvessa
D:8:      layout_cave_pools, serial_gnoll_camp, gnoll_camp_mini_doghouse,
          gnoll_camp_mini_house, gnoll_camp_mini_shop, gnoll_camp_mini_shop,
          gnoll_camp_mini_house, kennysheep_nondescript, minmay_misc_feat_five,
          hellmonk_bongcloud_opening
D:9:      layout_cave_pools, regret_index_temple_of_mockery,
          mainiacjoe_overflow_alcove_2, chequers_guarded_unrand_ignorance
D:10:     layout_long_grid, uniq_gastronok, uniq_nergalle
D:11:     layout_rooms, david_lair_generic,
          kennysheep_orc_monster_closet_entryway, serial_shops,
          nicolae_stop_n_shop_1, hangedman_feature_mirror, uniq_psyche,
          uniq_sonja
D:12:     layout_cave_pools, serial_shops, nicolae_shop_mannequins,
          nicolae_kite_square_tiling_tiny, kennysheep_another_room,
          tgw_lugonu_bribe, uniq_rupert
D:13:     layout_cave_pools, hangedman_decor_push, guppyfry_shop_earth
D:14:     layout_roguey, ximxim_vaults_locker_room, nicolae_uskayaw_suspiria,
          serial_shops, bzr_entry_road, uniq_jorgrun, uniq_agnes
D:15:     grunt_enter_depths_magical_seal, layout_stronghold,
          cheibrodos_ashenzari_chains, serial_shops, nicolae_shop_crystal,
          st_stairs_9, drop_trap
Temple:   hellmonk_temple_divided_pantheon
Lair:1:   layout_small_grid, gammafunk_ghost_necromancy, grunt_megastairs_1
Lair:2:   layout_regular_city, nicolae_spider_entry_tight_spaces
Lair:3:   regret_index_tunnel_blossom, layout_gridlike,
          elwin_shoals_entry_stream
Lair:4:   layout_regular_city, nicolae_slime_entry_slimehenge
Lair:5:   hellmonk_lair_end_abyssal_woods, layout_long_grid, st_stairs_10,
          serial_bayou_shore_a, lemuel_fruit_tree
Shoals:1: layout_shoals, st_sunken_temple
Shoals:2: layout_shoals, portal_ice_cave_entry_frozen_things, uniq_ilsuiw,
          uniq_polyphemus
Shoals:3: layout_shoals, argonaut_gorgonesque, uniq_roxanne
Spider:1: nicolae_spider_hilbert_zone_3 [nicolae_spider_hilbert_4_sides_2_open,
          nicolae_spider_hilbert_3_sides_1_open,
          nicolae_spider_hilbert_3_sides_1_open,
          nicolae_spider_hilbert_3_sides_1_open,
          nicolae_spider_hilbert_3_sides_1_open,
          nicolae_spider_hilbert_4_sides_1_open,
          nicolae_spider_hilbert_4_sides_1_open,
          nicolae_spider_hilbert_4_sides_1_open,
          nicolae_spider_hilbert_4_sides_1_open,
          nicolae_spider_hilbert_4_sides_1_open,
          nicolae_spider_hilbert_4_sides_1_open,
          nicolae_spider_hilbert_4_sides_1_open,
          nicolae_spider_hilbert_4_sides_1_open,
          nicolae_spider_hilbert_3_sides_1_open,
          nicolae_spider_hilbert_3_sides_1_open,
          nicolae_spider_hilbert_3_sides_1_open,
          nicolae_spider_hilbert_3_sides_1_open], drop_trap,
          nicolae_spider_baby_got_redback, uniq_azrael, uniq_louise
Orc:1:    layout_diamond_mine
Orc:2:    st_orc_elflike, layout_caves, serial_shops,
          nicolae_shop_tiny_statue_garden, basic_altar
Elf:1:    eino_elf_arrival_the_gate, layout_loops_cross,
          nicolae_trove_entry_crystal, hangedman_elf_disciples, uniq_frances
Abyss:3:  base:
Vaults:4

Skill      XL: |  1  2  3  4  5  6  7  8  9 10 11 12 13 14 15 16 17 |
---------------+----------------------------------------------------+-----
Axes           | 3 4 5 7 8 10 11 12 13 14 15 16 17 | 17.1
Fighting       | 4 5 7 8 10 12 13 14 15 16 17 | 17.5
Dodging        | 1 2 3 4 5 6 |  6.8
Armour         | 4 5 6 7 8 9 10 | 10.1
Ranged Weapons | 1 2 4 6 7 8 9 10 11 12 | 12.4
Shields        | 4 5 7 8 9 10 11 13 | 13.1
Throwing       | 1 2 |  2.9
Evocations     | 1 3 5 6 |  6.7
Stealth        | 1 2 |  2.9
Invocations    | 3 6 8 |  8.9
Short Blades   | 2 5 7 9 |  9.3
Maces & Flails | 1 |  1.1
Polearms       | |  0.2

Action                     |  1- 3 |  4- 6 |  7- 9 | 10-12 | 13-15 | 16-18 || total
---------------------------+-------+-------+-------+-------+-------+-------++-------
  Melee: War axe           |    98 |   198 |   217 |   338 |   668 |   375 ||  1894
         Flail             |       |       |       |       |    21 |     3 ||    24
         Trident           |       |       |       |       |     3 |       ||     3
         Rapier            |       |       |       |       |    14 |   108 ||   122
         Spear             |       |       |       |       |       |     5 ||     5
   Fire: Sling             |     2 |     5 |    87 |   308 |   665 |   348 ||  1415
  Throw: Dart              |       |     6 |     1 |    17 |     3 |     5 ||    32
         Boomerang         |       |       |       |       |    22 |    33 ||    55
 Invoke: Upheaval          |       |       |       |       |     1 |     2 ||     3
         Disaster Area     |       |       |       |       |       |     3 ||     3
         Elemental Force   |       |       |       |       |       |     2 ||     2
  Evoke: Wand              |       |       |       |     1 |     1 |     4 ||     6
         Piece from Xom's  |       |       |       |     1 |       |       ||     1
         Phantom mirror    |       |       |       |       |       |     2 ||     2
         Tin of tremorston |       |       |       |       |       |     2 ||     2
         Box of beasts     |       |       |       |       |       |     1 ||     1
    Use: Scroll            |     1 |    14 |     3 |     7 |     9 |     4 ||    38
         Potion            |       |       |       |     4 |     2 |     9 ||    15
   Stab: Petrifying        |       |       |       |       |       |     1 ||     1
 Armour: Scale mail        |    45 |    52 |       |       |       |       ||    97
         Chain mail        |       |    84 |   126 |       |       |       ||   210
         Ring mail         |       |       |     6 |    50 |    66 |   152 ||   274
         Acid dragon scale |       |       |       |    78 |   235 |       ||   313
  Dodge: Dodged            |    62 |    78 |    82 |   163 |   248 |   139 ||   772
         Repelled          |       |       |       |       |     2 |     8 ||    10
  Block: Buckler           |    22 |    45 |    69 |   122 |       |       ||   258
         Kite shield       |       |       |       |   105 |   742 |   378 ||  1225
         Reflection        |       |       |       |       |    16 |    46 ||    62
         Tower shield      |       |       |       |       |       |   381 ||   381

Table legend: (Time is in decaauts)
 A = Elapsed time spent in this place.
 B = Non-inter-level travel time spent in this place.
 C = Inter-level travel time spent in this place.
 D = Time resting spent in this place.
 E = Time spent auto-exploring this place.
 F = Levels seen in this place.
 G = Mean time per level.
                   A        B        C        D        E       F      G
               +--------+--------+--------+--------+--------+-----+--------+
         Total |  47587 |  44506 |   3081 |  16567 |   6726 |  29 | 1640.9 |
       Dungeon |  24185 |  22235 |   1950 |   8097 |   4160 |  15 | 1612.3 |
        Temple |     74 |     74 |      0 |      0 |      0 |   1 |   74.0 |
          Lair |  13398 |  12458 |    940 |   4944 |   2049 |   5 | 2679.6 |
        Shoals |   2844 |   2789 |     55 |   1201 |      0 |   3 |  948.0 |
   Spider Nest |   2105 |   2053 |     52 |    441 |    286 |   1 | 2105.0 |
  Orcish Mines |   4073 |   3989 |     84 |   1519 |    231 |   2 | 2036.5 |
   Elven Halls |    871 |    871 |      0 |    363 |      0 |   1 |  871.0 |
         Abyss |     34 |     34 |      0 |      0 |      0 |   1 |   34.0 |
               +--------+--------+--------+--------+--------+-----+--------+

Top non-repeatable levels by time:
  Lair:5: 4107 daAuts
     D:5: 3302 daAuts
  Lair:4: 3123 daAuts
   Orc:2: 2949 daAuts
    D:15: 2549 daAuts
    D:11: 2539 daAuts
  Lair:2: 2424 daAuts
  Lair:3: 2167 daAuts
Shoals:1: 2139 daAuts
Spider:1: 2105 daAuts
     D:6: 2045 daAuts
    D:14: 1796 daAuts
     D:8: 1664 daAuts
  Lair:1: 1575 daAuts
     D:2: 1450 daAuts
